Devils vs RedWings

Created - Saturday, January 02, 2016 at 01:36

Goals
1 2 3 T
Devils 2 0 1 3
RedWings 1 3 0 4
Shots
1 2 3 T
Devils 17 3 16 36
RedWings 4 17 6 27

1st period

1. Devils , Zach Boychuk 7 (Matt Cullen) at 2:20 (PP)
2. Devils , Drew Stafford 18 (Paul Stastny, Tyler Johnson) at 5:43 (PP)
3. RedWings , John-Michael Liles 1 (Shawn Horcoff, Milan Michalek) at 16:39 (PP)

Penalties :
Milan Michalek (Det) for Tripping (Minor) at 0:44, Steve Downie (Det) for Tripping (Minor) at 4:59, Paul Stastny (NJD) for Tripping (Minor) at 6:44, Jason Akeson (NJD) for Tripping (Minor) at 15:23, Zbynek Michalek (Det) for Hooking (Minor) at 17:44

2nd period

4. RedWings , Shawn Horcoff 11 (Milan Michalek) at 10:21
5. RedWings , Shawn Horcoff 12 (Milan Michalek, Aaron Ekblad) at 10:59 (PP)
6. RedWings , Martin Erat 7 (Patrick Sharp, Zbynek Michalek) at 13:24

Penalties :
Eric Gryba (Det) for Elbowing (Minor) at 5:21, Radko Gudas (NJD) for Interference (Minor) at 10:24

3rd period

7. Devils , Paul Stastny 24 (Tyler Johnson, Drew Stafford) at 2:40 (PP)

Penalties :
Martin Erat (Det) for Hooking (Minor) at 1:20, Tomas Kopecky (Det) for Hooking (Minor) at 3:24, Patrick Sharp (Det) for Roughing (Minor) at 9:24, Chris Wideman (NJD) for Hooking (Minor) at 10:49, Steve Downie (Det) for Interference (Minor) at 14:11, Paul Stastny (NJD) for Holding (Minor) at 19:52

Goalie Stats

Devan Dubnyk (NJD), 8 saves from 8 shots - (1.000), 26:12 minutes
Thomas Greiss (NJD), 15 saves from 19 shots - (0.789), L, 3-2-0, 33:24 minutes
Jonas Hiller (Det), 33 saves from 36 shots - (0.917), W, 14-14-3, 60:00 minutes

Players Stats for Devils

Player Name              G  A  P  +/- PIM S  H  SB GA TA FO     MP     PP MP  PK MP  
------------------------------------------------------------------------------------
Ales Hemsky              0  0  0   0  0   3  2  2  1  0  0/1    18:42   8:02   0:27 
Andrew Miller            0  0  0   0  0   2  0  0  1  0  6/8    10:49   0:00   0:00 
Brendan Shinnimin        0  0  0   0  0   0  0  0  2  0  3/6     8:48   0:00   0:27 
Chris Bourque            0  0  0   0  0   0  0  0  0  0  0/0     7:53   0:00   0:00 
Chris Wideman            0  0  0  -1  2   0  0  1  0  1  0/0    19:32   4:58   0:35 
David Warsofsky          0  0  0  -1  0   1  0  0  0  1  0/0    17:03   0:00   2:20 
Drew Stafford            1  1  2  -2  0   5  0  0  4  1  0/0    19:46   7:23   0:00 
Jason Akeson             0  0  0   0  2   0  0  1  0  1  0/0    10:48   0:00   0:00 
Matt Cullen              0  1  1   0  0   1  0  5  3  1  13/24  19:47   5:38   4:39 
Matt Greene              0  0  0  -1  0   1  1  2  0  0  0/0    16:06   0:00   3:02 
Matt Irwin               0  0  0   0  0   3  1  4  1  1  0/0    24:02   8:02   3:02 
Paul Stastny             1  1  2  -2  4   5  0  0  3  2  17/22  21:02   7:23   0:16 
Radko Gudas              0  0  0  -1  2   0  2  3  1  1  0/0    16:27   0:00   1:45 
Scottie Upshall          0  0  0   0  0   5  2  0  3  0  0/1    19:47   5:38   4:39 
Sergei Gonchar           0  0  0   0  0   3  2  1  0  1  0/0    18:12   4:59   0:00 
Tyler Johnson            0  2  2  -2  0   2  2  0  6  0  0/0    20:36   7:23   0:16 
Zach Boychuk             1  0  1   0  0   5  5  0  2  0  0/1    16:46   5:38   0:00 
Zach Budish              0  0  0   0  0   0  1  0  0  0  0/0     7:53   0:00   0:00 

Players Stats for RedWings

Player Name              G  A  P  +/- PIM S  H  SB GA TA FO     MP     PP MP  PK MP  
------------------------------------------------------------------------------------
Aaron Ekblad             0  1  1   0  0   2  0  1  1  1  0/0    21:24   2:45   8:57 
Alexei Emelin            0  0  0   0  0   0  0  0  0  0  0/0     0:00   0:00   0:00 
Chris VandeVelde         0  0  0   0  0   2  1  1  1  0  0/1    14:09   0:00   2:52 
Devante Smith-Pelly      0  0  0   0  0   1  0  0  2  1  2/11   13:40   0:42   0:16 
Eric Gryba               0  0  0   0  2   0  4  2  0  1  0/0    21:06   3:09   8:24 
John-Michael Liles       1  0  1   1  0   1  1  1  0  1  0/0    22:29   2:37   4:37 
Mark Letestu             0  0  0   1  0   0  0  0  1  0  8/16   14:32   2:07   0:00 
Martin Erat              1  0  1   1  2   3  2  0  0  0  0/0    14:31   2:07   0:00 
Milan Michalek           0  3  3   1  2   0  0  2  0  1  0/0    19:51   2:59   7:40 
Nick Leddy               0  0  0   1  0   2  0  1  0  3  0/0    21:13   0:00   4:04 
Patrick Sharp            0  1  1   1  2   5  3  0  4  1  1/5    18:47   2:23   3:24 
Paul Postma              0  0  0   1  0   0  0  1  0  1  0/0    17:01   0:00   0:00 
Shane Doan               0  0  0   1  0   1  5  0  0  2  4/16   26:07   2:33   7:40 
Shawn Horcoff            2  1  3   1  0   5  0  2  2  0  9/13   16:18   2:59   3:46 
Steve Downie             0  0  0   0  4   1  1  0  2  0  0/1     7:30   0:00   0:00 
TJ Galiardi              0  0  0   0  0   1  0  1  1  0  0/0     8:19   0:00   0:24 
Tomas Kopecky            0  0  0   0  2   2  0  0  0  1  0/0    12:19   0:16   0:00 
Zbynek Michalek          0  1  1   1  2   1  1  1  0  2  0/0    17:01   2:13   0:00 

3 Stars

1 - Shawn Horcoff (Det)
2 - Zach Boychuk (NJD)
3 - Milan Michalek (Det)

Power Play

Devils - 3 on 8 Attempt(s) - 37.50%
RedWings - 2 on 5 Attempt(s) - 40.00%

Penalty Kill

Devils - 3 on 5 Attempt(s) - 60.00% - Score 0 goal in Penalty Kill
RedWings - 5 on 8 Attempt(s) - 62.50% - Score 0 goal in Penalty Kill

Team Stat

Devils - Hits : 18 - Faceoff Wins : 39 - Blocked Shots : 19 - Penalty Minutes : 10
RedWings - Hits : 18 - Faceoff Wins : 24 - Blocked Shots : 13 - Penalty Minutes : 16

Official

Referees : Unknown
Linesman : Unknown

Game Notes

Devan Dubnyk enters game at 13:24 of 2nd period

Finance

Level 1 -- Attendance: 4478 (74.63%) -- Ticket Income $447,800
Level 2 -- Attendance: 3812 (76.24%) -- Ticket Income $228,720
Level 3 -- Attendance: 1448 (72.40%) -- Ticket Income $50,680
Level 4 -- Attendance: 3178 (79.45%) -- Ticket Income $63,560
Luxury Box -- Attendance: 1000 (100.00%) -- Ticket Income $170,000
Game was played at the Joe Louis Arena.
Total Attendance: 13916 (77.31%)
Total Ticket Income: $960,760
Other Income: $470,772
Total Income: $1,431,532

Devils

5 vs 5 Forward 
   Center                   Left Wing                Right Wing               Time % Phy DF OF 
 1 Paul Stastny             Tyler Johnson            Drew Stafford            38     0   0  5  
 2 Matt Cullen              Scottie Upshall          Ales Hemsky              30     1   2  2  
 3 Andrew Miller            Zach Boychuk             Jason Akeson             22     1   2  2  
 4 Brendan Shinnimin        Chris Bourque            Zach Budish              10     1   2  2  

5 vs 5 Defense 
   Defense                  Defense                                           Time % Phy DF OF 
 1 Matt Greene              Chris Wideman                                     35     1   2  2  
 2 Radko Gudas              David Warsofsky                                   34     1   2  2  
 3 Matt Irwin               Sergei Gonchar                                    30     1   2  2  
 4 Chris Wideman            Sergei Gonchar                                    1      1   2  2  

PowerPlay Forward 
   Center                   Left Wing                Right Wing               Time % Phy DF OF 
 1 Paul Stastny             Tyler Johnson            Drew Stafford            60     0   0  5  
 2 Matt Cullen              Zach Boychuk             Scottie Upshall          40     0   0  5  

PowerPlay Defense
   Defense                  Defense                                           Time % Phy DF OF 
 1 Ales Hemsky              Matt Irwin                                        60     0   0  5  
 2 Chris Wideman            Sergei Gonchar                                    40     0   0  5  

Penalty Kill 4 Players Forward 
   Center                   Wing                     Time % Phy DF OF 
 1 Matt Cullen              Scottie Upshall          60     0   5  0  
 2 Brendan Shinnimin        Ales Hemsky              40     0   5  0  

Penalty Kill 4 Players Defense
   Defense                  Defense                  Time % Phy DF OF 
 1 Matt Greene              Matt Irwin               60     0   5  0  
 2 Radko Gudas              David Warsofsky          40     0   5  0  

Penalty Kill - 3 Players Forward 
   Forward                                           Time % Phy DF OF 
 1 Matt Cullen                                       60     0   5  0  
 2 Brendan Shinnimin                                 40     0   5  0  

Penalty Kill - 3 Players Defense
   Defense                  Defense                  Time % Phy DF OF 
 1 Matt Greene              Matt Irwin               60     0   5  0  
 2 Radko Gudas              David Warsofsky          40     0   5  0  

4 vs 4 Forward 
   Center                   Wing                     Time % Phy DF OF 
 1 Paul Stastny             Tyler Johnson            60     0   0  5  
 2 Brendan Shinnimin        Matt Cullen              40     1   3  1  

4 vs 4 Defense
   Defense                  Defense                  Time % Phy DF OF 
 1 Matt Greene              Matt Irwin               60     0   0  5  
 2 Radko Gudas              Sergei Gonchar           40     1   3  1  

Last Minutes Offensive
   Center                   Left Wing                Right Wing               Defense                  Defense                  
   Paul Stastny             Tyler Johnson            Drew Stafford            Sergei Gonchar           Chris Wideman            

Last Minutes Defensive
   Center                   Left Wing                Right Wing               Defense                  Defense                  
   Paul Stastny             Matt Cullen              Scottie Upshall          Matt Greene              Radko Gudas              

Goaltenders
Starting : Thomas Greiss            
Backup : Devan Dubnyk             

Extra Forwards
Normal : Tyler Johnson, Scottie Upshall, Zach Boychuk - PP : Zach Boychuk, Jason Akeson - PK : Ales Hemsky
Extra Defensemen
Normal : Chris Wideman, Matt Greene, Radko Gudas - PP : Radko Gudas - PK : Chris Wideman, David Warsofsky
Penalty Shots
Matt Cullen, Drew Stafford, Ales Hemsky, Tyler Johnson, Andrew Miller

RedWings

5 vs 5 Forward 
   Center                   Left Wing                Right Wing               Time % Phy DF OF 
 1 Shawn Horcoff            Shane Doan               Milan Michalek           35     0   2  3  
 2 Mark Letestu             Patrick Sharp            Martin Erat              25     0   2  3  
 3 Devante Smith-Pelly      Tomas Kopecky            Chris VandeVelde         20     0   3  2  
 4 Shane Doan               Steve Downie             TJ Galiardi              20     0   2  3  

5 vs 5 Defense 
   Defense                  Defense                                           Time % Phy DF OF 
 1 Paul Postma              Nick Leddy                                        35     0   3  2  
 2 Zbynek Michalek          John-Michael Liles                                30     0   3  2  
 3 Aaron Ekblad             Eric Gryba                                        22     0   3  2  
 4 John-Michael Liles       Zbynek Michalek                                   13     0   3  2  

PowerPlay Forward 
   Center                   Left Wing                Right Wing               Time % Phy DF OF 
 1 Shawn Horcoff            Shane Doan               Milan Michalek           60     0   2  3  
 2 Mark Letestu             Patrick Sharp            Martin Erat              40     0   2  3  

PowerPlay Defense
   Defense                  Defense                                           Time % Phy DF OF 
 1 Eric Gryba               Aaron Ekblad                                      60     0   2  3  
 2 Zbynek Michalek          John-Michael Liles                                40     0   2  3  

Penalty Kill 4 Players Forward 
   Center                   Wing                     Time % Phy DF OF 
 1 Shane Doan               Milan Michalek           60     1   4  0  
 2 Patrick Sharp            Shawn Horcoff            40     1   4  0  

Penalty Kill 4 Players Defense
   Defense                  Defense                  Time % Phy DF OF 
 1 Aaron Ekblad             Eric Gryba               60     1   4  0  
 2 Nick Leddy               John-Michael Liles       40     1   4  0  

Penalty Kill - 3 Players Forward 
   Forward                                           Time % Phy DF OF 
 1 Shane Doan                                        60     0   5  0  
 2 Milan Michalek                                    40     0   5  0  

Penalty Kill - 3 Players Defense
   Defense                  Defense                  Time % Phy DF OF 
 1 Nick Leddy               Aaron Ekblad             60     0   5  0  
 2 Eric Gryba               John-Michael Liles       40     0   5  0  

4 vs 4 Forward 
   Center                   Wing                     Time % Phy DF OF 
 1 Shane Doan               Milan Michalek           60     0   3  2  
 2 Patrick Sharp            Shawn Horcoff            40     0   3  2  

4 vs 4 Defense
   Defense                  Defense                  Time % Phy DF OF 
 1 Aaron Ekblad             Paul Postma              60     0   3  2  
 2 Eric Gryba               John-Michael Liles       40     0   3  2  

Last Minutes Offensive
   Center                   Left Wing                Right Wing               Defense                  Defense                  
   Shawn Horcoff            Shane Doan               Milan Michalek           Paul Postma              Nick Leddy               

Last Minutes Defensive
   Center                   Left Wing                Right Wing               Defense                  Defense                  
   Shawn Horcoff            Shane Doan               Milan Michalek           Paul Postma              Nick Leddy               

Goaltenders
Starting : Jonas Hiller             
Backup : Ben Scrivens             

Extra Forwards
Normal : Devante Smith-Pelly, Tomas Kopecky, Chris VandeVelde - PP : Devante Smith-Pelly, Tomas Kopecky - PK : Chris VandeVelde
Extra Defensemen
Normal : Aaron Ekblad, Eric Gryba, John-Michael Liles - PP : Aaron Ekblad - PK : Eric Gryba, Aaron Ekblad
Penalty Shots
Shane Doan, Milan Michalek, Patrick Sharp, Shawn Horcoff, Martin Erat

% Time on Ice - Devils

Lines # - Real PCT - Wanted PCT - Time Play
Normal Forward
1 - 30% - 38% - 12:12
2 - 24% - 30% - 9:55
3 - 27% - 22% - 10:49
4 - 19% - 10% - 7:53
Normal Defense
1 - 32% - 35% - 13:07
2 - 37% - 34% - 15:04
3 - 27% - 30% - 11:13
4 - 3% - 1% - 1:25
PP Forward
1 - 57% - 60% - 7:23
2 - 43% - 40% - 5:38
PP Defense
1 - 62% - 60% - 8:02
2 - 38% - 40% - 4:59
PK Forward
1 - 92% - 60% - 4:55
2 - 8% - 40% - 0:27
PK Defense
1 - 57% - 60% - 3:02
2 - 43% - 40% - 2:20
PK3 Forward
1 - 0% - 60%
2 - 0% - 40%
PK3 Defense
1 - 0% - 60%
2 - 0% - 40%
44 Forward
1 - 100% - 60% - 0:34
2 - 0% - 40% - 0:00
44 Defense
1 - 100% - 60% - 0:34
2 - 0% - 40% - 0:00
Last Minute Offensive  - 0:14
Last Minute Defensive  - 0:00
Total
Forward - 60:00
Defense - 60:00

% Time on Ice - RedWings

Lines # - Real PCT - Wanted PCT - Time Play
Normal Forward
1 - 23% - 35% - 9:27
2 - 32% - 25% - 13:01
3 - 28% - 20% - 11:17
4 - 17% - 20% - 7:04
Normal Defense
1 - 41% - 35% - 16:51
2 - 30% - 30% - 12:11
3 - 22% - 22% - 8:56
4 - 7% - 13% - 2:51
PP Forward
1 - 61% - 60% - 3:15
2 - 39% - 40% - 2:07
PP Defense
1 - 51% - 60% - 2:45
2 - 49% - 40% - 2:37
PK Forward
1 - 71% - 60% - 9:15
2 - 29% - 40% - 3:46
PK Defense
1 - 69% - 60% - 8:57
2 - 31% - 40% - 4:04
PK3 Forward
1 - 0% - 60%
2 - 0% - 40%
PK3 Defense
1 - 0% - 60%
2 - 0% - 40%
44 Forward
1 - 100% - 60% - 0:34
2 - 0% - 40% - 0:00
44 Defense
1 - 62% - 60% - 0:21
2 - 38% - 40% - 0:13
Last Minute Offensive  - 0:00
Last Minute Defensive  - 0:14
Total
Forward - 60:00
Defense - 60:00

Play by Play

1st period


0:01 of 1st period - Paul Stastny wins face-off versus Shawn Horcoff in neutral zone.
0:13 of 1st period - Off-side.
0:14 of 1st period - Paul Stastny wins face-off versus Shawn Horcoff in neutral zone.
0:35 of 1st period - Slapshot by Milan Michalek.
0:35 of 1st period - Shot Blocked by Matt Greene.
0:44 of 1st period - Minor Penalty to Milan Michalek for Tripping.
0:45 of 1st period - Matt Cullen wins face-off versus Shane Doan in RedWings zone.
1:30 of 1st period - Patrick Sharp is hit by Scottie Upshall and loses puck.
1:46 of 1st period - Off-side.
1:47 of 1st period - Shane Doan wins face-off versus Paul Stastny in neutral zone.
2:14 of 1st period - Wrist shot by Drew Stafford.
2:14 of 1st period - Shot Misses the Net.
2:16 of 1st period - Wrist shot by Tyler Johnson.
2:16 of 1st period - Shot Misses the Net.
2:18 of 1st period - Slapshot by Sergei Gonchar.
2:18 of 1st period - Stopped by Jonas Hiller without a rebound.
2:19 of 1st period - Matt Cullen wins face-off versus Patrick Sharp in RedWings zone.
2:20 of 1st period - Snap shot by Zach Boychuk.
2:20 of 1st period - Goal by Zach Boychuk - Devils : 1 - RedWings : 0.
2:21 of 1st period - Matt Cullen wins face-off versus Mark Letestu in neutral zone.
2:35 of 1st period - Snap shot by Scottie Upshall.
2:35 of 1st period - Stopped by Jonas Hiller without a rebound.
2:36 of 1st period - Matt Cullen wins face-off versus Mark Letestu in RedWings zone.
2:51 of 1st period - Slapshot by Ales Hemsky.
2:51 of 1st period - Stopped by Jonas Hiller with a rebound.
2:53 of 1st period - Wrist shot by Scottie Upshall.
2:53 of 1st period - Stopped by Jonas Hiller with a rebound.
2:57 of 1st period - Snap shot by Matt Cullen.
2:57 of 1st period - Shot Misses the Net.
4:22 of 1st period - Wrist shot by Drew Stafford.
4:22 of 1st period - Stopped by Jonas Hiller with a rebound.
4:52 of 1st period - Slapshot by Sergei Gonchar.
4:52 of 1st period - Shot Misses the Net.
4:59 of 1st period - Minor Penalty to Steve Downie for Tripping.
5:00 of 1st period - Matt Cullen wins face-off versus Shane Doan in RedWings zone.
5:12 of 1st period - Ales Hemsky is hit by Eric Gryba and loses puck.
5:25 of 1st period - Wrist shot by Matt Cullen.
5:25 of 1st period - Shot Misses the Net.
5:27 of 1st period - Snap shot by Zach Boychuk.
5:27 of 1st period - Stopped by Jonas Hiller without a rebound.
5:28 of 1st period - Paul Stastny wins face-off versus Patrick Sharp in RedWings zone.
5:39 of 1st period - Slapshot by Drew Stafford.
5:39 of 1st period - Shot Blocked by John-Michael Liles.
5:43 of 1st period - Snap shot by Drew Stafford.
5:43 of 1st period - Deflect By Nick Leddy.
5:43 of 1st period - Goal by Drew Stafford - Devils : 2 - RedWings : 0.
5:44 of 1st period - Mark Letestu wins face-off versus Matt Cullen in neutral zone.
5:55 of 1st period - Slapshot by Patrick Sharp.
5:55 of 1st period - Stopped by Thomas Greiss with a rebound.
6:12 of 1st period - Icing by Zbynek Michalek.
6:13 of 1st period - Paul Stastny wins face-off versus Mark Letestu in RedWings zone.
6:28 of 1st period - Matt Irwin is hit by Zbynek Michalek and loses puck.
6:44 of 1st period - Minor Penalty to Paul Stastny for Tripping.
6:45 of 1st period - Shawn Horcoff wins face-off versus Matt Cullen in Devils zone.
7:09 of 1st period - Snap shot by Scottie Upshall.
7:09 of 1st period - Stopped by Jonas Hiller with a rebound.
7:21 of 1st period - Wrist shot by Matt Cullen.
7:21 of 1st period - Deflect By Scottie Upshall.
7:21 of 1st period - Shot Misses the Net.
7:21 of 1st period - Puck is out of play.
7:22 of 1st period - Mark Letestu wins face-off versus Matt Cullen in RedWings zone.
7:48 of 1st period - Snap shot by Matt Cullen.
7:48 of 1st period - Deflect By Scottie Upshall.
7:48 of 1st period - Stopped by Jonas Hiller without a rebound.
7:49 of 1st period - Shawn Horcoff wins face-off versus Matt Cullen in RedWings zone.
8:44 of 1st period - Penalty to Paul Stastny is over, Paul Stastny is back on ice.
8:45 of 1st period - Milan Michalek is hit by Ales Hemsky and loses puck.
9:36 of 1st period - Snap shot by Nick Leddy.
9:36 of 1st period - Shot Blocked by Radko Gudas.
9:50 of 1st period - Shane Doan is hit by Radko Gudas.
10:31 of 1st period - Wrist shot by Paul Stastny.
10:31 of 1st period - Shot Blocked by TJ Galiardi.
10:33 of 1st period - Wrist shot by Tyler Johnson.
10:33 of 1st period - Shot Misses the Net.
10:43 of 1st period - Chris Bourque is hit by Steve Downie and loses puck.
11:31 of 1st period - Radko Gudas is hit by Patrick Sharp.
12:44 of 1st period - Devante Smith-Pelly is hit by Zach Boychuk and loses puck.
13:18 of 1st period - Off-side.
13:19 of 1st period - Mark Letestu wins face-off versus Ales Hemsky in neutral zone.
13:36 of 1st period - TJ Galiardi is hit by Radko Gudas and loses puck.
14:05 of 1st period - Snap shot by Tomas Kopecky.
14:05 of 1st period - Shot Hit the Post.
14:08 of 1st period - Icing by Ales Hemsky.
14:09 of 1st period - Matt Cullen wins face-off versus Devante Smith-Pelly in Devils zone.
14:46 of 1st period - Snap shot by Shawn Horcoff.
14:46 of 1st period - Stopped by Thomas Greiss with a rebound.
15:04 of 1st period - Mark Letestu is hit by Zach Boychuk and loses puck.
15:23 of 1st period - Minor Penalty to Jason Akeson for Tripping.
15:24 of 1st period - Shawn Horcoff wins face-off versus Matt Cullen in Devils zone.
16:00 of 1st period - Wrist shot by Patrick Sharp.
16:00 of 1st period - Stopped by Thomas Greiss without a rebound.
16:01 of 1st period - Mark Letestu wins face-off versus Matt Cullen in Devils zone.
16:37 of 1st period - Slapshot by John-Michael Liles.
16:37 of 1st period - Shot Blocked by Matt Cullen.
16:39 of 1st period - Wrist shot by John-Michael Liles.
16:39 of 1st period - Deflect By David Warsofsky.
16:39 of 1st period - Goal by John-Michael Liles - Devils : 2 - RedWings : 1.
16:40 of 1st period - Paul Stastny wins face-off versus Devante Smith-Pelly in neutral zone.
16:57 of 1st period - Snap shot by Tyler Johnson.
16:57 of 1st period - Shot Misses the Net.
16:59 of 1st period - Slapshot by Matt Greene.
16:59 of 1st period - Stopped by Jonas Hiller with a rebound.
17:01 of 1st period - Slapshot by Paul Stastny.
17:01 of 1st period - Shot Hit the Post.
17:03 of 1st period - Snap shot by Paul Stastny.
17:03 of 1st period - Deflect By Drew Stafford.
17:03 of 1st period - Stopped by Jonas Hiller with a rebound.
17:05 of 1st period - Backhand shot by Paul Stastny.
17:05 of 1st period - Shot Misses the Net.
17:37 of 1st period - Wrist shot by Andrew Miller.
17:37 of 1st period - Stopped by Jonas Hiller without a rebound.
17:38 of 1st period - Brendan Shinnimin wins face-off versus Mark Letestu in RedWings zone.
17:41 of 1st period - Slapshot by Chris Bourque.
17:41 of 1st period - Deflect By Mark Letestu.
17:41 of 1st period - Shot Misses the Net.
17:41 of 1st period - Puck is out of play.
17:42 of 1st period - Mark Letestu wins face-off versus Brendan Shinnimin in RedWings zone.
17:44 of 1st period - Minor Penalty to Zbynek Michalek for Hooking.
17:45 of 1st period - Paul Stastny wins face-off versus Shane Doan in RedWings zone.
17:51 of 1st period - Slapshot by Tyler Johnson.
17:51 of 1st period - Shot Misses the Net.
17:53 of 1st period - Snap shot by Ales Hemsky.
17:53 of 1st period - Stopped by Jonas Hiller with a rebound.
17:55 of 1st period - Snap shot by Drew Stafford.
17:55 of 1st period - Deflect By Paul Stastny.
17:55 of 1st period - Shot Misses the Net.
17:55 of 1st period - Puck is out of play.
17:56 of 1st period - Paul Stastny wins face-off versus Shane Doan in RedWings zone.
18:05 of 1st period - Wrist shot by Paul Stastny.
18:05 of 1st period - Stopped by Jonas Hiller without a rebound.
18:06 of 1st period - Paul Stastny wins face-off versus Shane Doan in RedWings zone.
18:44 of 1st period - Snap shot by Shane Doan.
18:44 of 1st period - Shot Blocked by Ales Hemsky.
18:54 of 1st period - Paul Stastny is hit by Eric Gryba and loses puck.
19:17 of 1st period - Snap shot by Scottie Upshall.
19:17 of 1st period - Shot Blocked by Shawn Horcoff.
19:19 of 1st period - Wrist shot by Scottie Upshall.
19:19 of 1st period - Stopped by Jonas Hiller with a rebound.
19:21 of 1st period - Snap shot by Zach Boychuk.
19:21 of 1st period - Shot Blocked by Shawn Horcoff.
19:23 of 1st period - Backhand shot by Sergei Gonchar.
19:23 of 1st period - Stopped by Jonas Hiller without a rebound.
19:24 of 1st period - Matt Cullen wins face-off versus Patrick Sharp in RedWings zone.
19:44 of 1st period - Penalty to Zbynek Michalek is over, Zbynek Michalek is back on ice.
19:49 of 1st period - Shane Doan is hit by Zach Boychuk and loses puck.
Goals for this period are 2 for Devils vs 1 for RedWings.
Shots for this period are 17 for Devils vs 4 for RedWings.

2nd period


0:01 of 2nd period - Shawn Horcoff wins face-off versus Paul Stastny in neutral zone.
0:08 of 2nd period - Tyler Johnson is hit by Shane Doan and loses puck.
0:21 of 2nd period - Matt Greene is hit by Shane Doan and loses puck.
0:35 of 2nd period - Snap shot by Shawn Horcoff.
0:35 of 2nd period - Shot Blocked by Chris Wideman.
0:37 of 2nd period - Slapshot by Zbynek Michalek.
0:37 of 2nd period - Shot Misses the Net.
0:49 of 2nd period - Snap shot by Patrick Sharp.
0:49 of 2nd period - Deflect By Martin Erat.
0:49 of 2nd period - Shot Misses the Net.
0:49 of 2nd period - Puck is out of play.
0:50 of 2nd period - Matt Cullen wins face-off versus Mark Letestu in Devils zone.
1:13 of 2nd period - Snap shot by Patrick Sharp.
1:13 of 2nd period - Shot Misses the Net.
1:15 of 2nd period - Snap shot by Mark Letestu.
1:15 of 2nd period - Shot Misses the Net.
1:54 of 2nd period - Radko Gudas is hit by Chris VandeVelde and loses puck.
1:59 of 2nd period - Slapshot by Aaron Ekblad.
1:59 of 2nd period - Shot Blocked by Radko Gudas.
2:01 of 2nd period - Slapshot by Tomas Kopecky.
2:01 of 2nd period - Shot Misses the Net.
2:03 of 2nd period - Wrist shot by Devante Smith-Pelly.
2:03 of 2nd period - Stopped by Thomas Greiss without a rebound.
2:04 of 2nd period - Shawn Horcoff wins face-off versus Brendan Shinnimin in Devils zone.
3:50 of 2nd period - Snap shot by Tomas Kopecky.
3:50 of 2nd period - Stopped by Thomas Greiss with a rebound.
4:00 of 2nd period - Slapshot by Devante Smith-Pelly.
4:00 of 2nd period - Shot Misses the Net.
4:12 of 2nd period - Slapshot by Shane Doan.
4:12 of 2nd period - Shot Misses the Net.
4:24 of 2nd period - Snap shot by TJ Galiardi.
4:24 of 2nd period - Shot Misses the Net.
4:26 of 2nd period - Snap shot by TJ Galiardi.
4:26 of 2nd period - Stopped by Thomas Greiss without a rebound.
4:27 of 2nd period - Mark Letestu wins face-off versus Andrew Miller in Devils zone.
4:36 of 2nd period - Snap shot by Patrick Sharp.
4:36 of 2nd period - Stopped by Thomas Greiss with a rebound.
4:38 of 2nd period - Slapshot by Eric Gryba.
4:38 of 2nd period - Deflect By Patrick Sharp.
4:38 of 2nd period - Stopped by Thomas Greiss with a rebound.
4:44 of 2nd period - Wrist shot by Martin Erat.
4:44 of 2nd period - Stopped by Thomas Greiss with a rebound.
4:46 of 2nd period - Slapshot by Aaron Ekblad.
4:46 of 2nd period - Stopped by Thomas Greiss with a rebound.
5:02 of 2nd period - Snap shot by Shawn Horcoff.
5:02 of 2nd period - Shot Misses the Net.
5:04 of 2nd period - Wrist shot by Milan Michalek.
5:04 of 2nd period - Shot Blocked by Jason Akeson.
5:21 of 2nd period - Minor Penalty to Eric Gryba for Elbowing.
5:22 of 2nd period - Paul Stastny wins face-off versus Shane Doan in RedWings zone.
5:25 of 2nd period - Wrist shot by Paul Stastny.
5:25 of 2nd period - Shot Misses the Net.
5:39 of 2nd period - Milan Michalek is hit by Tyler Johnson and loses puck.
5:49 of 2nd period - Snap shot by Paul Stastny.
5:49 of 2nd period - Shot Misses the Net.
5:51 of 2nd period - Snap shot by Paul Stastny.
5:51 of 2nd period - Shot Misses the Net.
6:25 of 2nd period - Shawn Horcoff is hit by Zach Boychuk and loses puck.
6:46 of 2nd period - Milan Michalek is hit by Tyler Johnson and loses puck.
7:08 of 2nd period - John-Michael Liles is hit by Ales Hemsky and loses puck.
7:21 of 2nd period - Penalty to Eric Gryba is over, Eric Gryba is back on ice.
7:50 of 2nd period - Aaron Ekblad is hit by Zach Budish.
8:33 of 2nd period - Radko Gudas is hit by Martin Erat and loses puck.
9:32 of 2nd period - Snap shot by Nick Leddy.
9:32 of 2nd period - Stopped by Thomas Greiss with a rebound.
9:34 of 2nd period - Snap shot by Tomas Kopecky.
9:34 of 2nd period - Stopped by Thomas Greiss with a rebound.
10:21 of 2nd period - Wrist shot by Shawn Horcoff.
10:21 of 2nd period - Goal by Shawn Horcoff - Devils : 2 - RedWings : 2.
10:22 of 2nd period - Andrew Miller wins face-off versus Devante Smith-Pelly in neutral zone.
10:24 of 2nd period - Minor Penalty to Radko Gudas for Interference.
10:25 of 2nd period - Shawn Horcoff wins face-off versus Matt Cullen in Devils zone.
10:31 of 2nd period - Wrist shot by Shawn Horcoff.
10:31 of 2nd period - Shot Misses the Net.
10:33 of 2nd period - Snap shot by Eric Gryba.
10:33 of 2nd period - Shot Misses the Net.
10:35 of 2nd period - Slapshot by Eric Gryba.
10:35 of 2nd period - Shot Blocked by Matt Cullen.
10:37 of 2nd period - Slapshot by Eric Gryba.
10:37 of 2nd period - Shot Blocked by Matt Cullen.
10:39 of 2nd period - Slapshot by Aaron Ekblad.
10:39 of 2nd period - Shot Misses the Net.
10:41 of 2nd period - Wrist shot by Shawn Horcoff.
10:41 of 2nd period - Stopped by Thomas Greiss without a rebound.
10:42 of 2nd period - Shawn Horcoff wins face-off versus Scottie Upshall in Devils zone.
10:51 of 2nd period - Snap shot by Shawn Horcoff.
10:51 of 2nd period - Stopped by Thomas Greiss with a rebound.
10:57 of 2nd period - Snap shot by Milan Michalek.
10:57 of 2nd period - Shot Misses the Net.
10:59 of 2nd period - Slapshot by Shawn Horcoff.
10:59 of 2nd period - Goal by Shawn Horcoff - Devils : 2 - RedWings : 3.
11:00 of 2nd period - Devante Smith-Pelly wins face-off versus Paul Stastny in neutral zone.
11:05 of 2nd period - Slapshot by Nick Leddy.
11:05 of 2nd period - Shot Misses the Net.
11:19 of 2nd period - Slapshot by Paul Stastny.
11:19 of 2nd period - Stopped by Jonas Hiller with a rebound.
11:32 of 2nd period - Slapshot by Nick Leddy.
11:32 of 2nd period - Stopped by Thomas Greiss without a rebound.
11:33 of 2nd period - Patrick Sharp wins face-off versus Matt Cullen in Devils zone.
11:46 of 2nd period - Wrist shot by Patrick Sharp.
11:46 of 2nd period - Shot Blocked by Matt Cullen.
11:50 of 2nd period - Wrist shot by Martin Erat.
11:50 of 2nd period - Shot Misses the Net.
11:52 of 2nd period - Wrist shot by Martin Erat.
11:52 of 2nd period - Shot Blocked by Matt Cullen.
11:54 of 2nd period - Wrist shot by John-Michael Liles.
11:54 of 2nd period - Deflect By Patrick Sharp.
11:54 of 2nd period - Shot Hit the Post.
11:54 of 2nd period - Puck is out of play.
11:55 of 2nd period - Andrew Miller wins face-off versus Shawn Horcoff in Devils zone.
12:55 of 2nd period - Snap shot by Tyler Johnson.
12:55 of 2nd period - Stopped by Jonas Hiller without a rebound.
12:56 of 2nd period - Paul Stastny wins face-off versus Mark Letestu in RedWings zone.
13:24 of 2nd period - Snap shot by Patrick Sharp.
13:24 of 2nd period - Deflect By Martin Erat.
13:24 of 2nd period - Goal by Martin Erat - Devils : 2 - RedWings : 4.
13:24 of 2nd period - Devan Dubnyk enters game.
13:25 of 2nd period - Shawn Horcoff wins face-off versus Matt Cullen in neutral zone.
13:41 of 2nd period - Slapshot by Scottie Upshall.
13:41 of 2nd period - Shot Misses the Net.
13:47 of 2nd period - Slapshot by Scottie Upshall.
13:47 of 2nd period - Shot Blocked by Milan Michalek.
13:49 of 2nd period - Slapshot by Sergei Gonchar.
13:49 of 2nd period - Deflect By Matt Cullen.
13:49 of 2nd period - Stopped by Jonas Hiller without a rebound.
13:50 of 2nd period - Paul Stastny wins face-off versus Mark Letestu in RedWings zone.
14:15 of 2nd period - Wrist shot by Patrick Sharp.
14:15 of 2nd period - Shot Misses the Net.
15:12 of 2nd period - Slapshot by Matt Irwin.
15:12 of 2nd period - Shot Blocked by Milan Michalek.
15:29 of 2nd period - Snap shot by Matt Cullen.
15:29 of 2nd period - Shot Misses the Net.
15:31 of 2nd period - Wrist shot by Scottie Upshall.
15:31 of 2nd period - Shot Blocked by Nick Leddy.
15:33 of 2nd period - Backhand shot by Sergei Gonchar.
15:33 of 2nd period - Shot Blocked by Paul Postma.
15:48 of 2nd period - Nick Leddy is hit by Matt Irwin and loses puck.
16:08 of 2nd period - Off-side.
16:09 of 2nd period - Shane Doan wins face-off versus Brendan Shinnimin in neutral zone.
16:14 of 2nd period - Slapshot by Steve Downie.
16:14 of 2nd period - Shot Misses the Net.
16:16 of 2nd period - Slapshot by Zbynek Michalek.
16:16 of 2nd period - Stopped by Devan Dubnyk without a rebound.
16:17 of 2nd period - Brendan Shinnimin wins face-off versus Shane Doan in Devils zone.
17:14 of 2nd period - Paul Stastny is hit by John-Michael Liles and loses puck.
17:19 of 2nd period - Slapshot by Patrick Sharp.
17:19 of 2nd period - Shot Blocked by Radko Gudas.
17:27 of 2nd period - Slapshot by Patrick Sharp.
17:27 of 2nd period - Deflect By Tyler Johnson.
17:27 of 2nd period - Shot Misses the Net.
17:27 of 2nd period - Puck is out of play.
17:28 of 2nd period - Matt Cullen wins face-off versus Devante Smith-Pelly in Devils zone.
17:45 of 2nd period - Snap shot by Ales Hemsky.
17:45 of 2nd period - Shot Blocked by Aaron Ekblad.
18:04 of 2nd period - Slapshot by Aaron Ekblad.
18:04 of 2nd period - Stopped by Devan Dubnyk with a rebound.
18:25 of 2nd period - Zbynek Michalek is hit by Matt Greene and loses puck.
18:56 of 2nd period - Matt Irwin is hit by Patrick Sharp.
Goals for this period are 0 for Devils vs 3 for RedWings.
Shots for this period are 3 for Devils vs 17 for RedWings.

3rd period


0:01 of 3rd period - Shawn Horcoff wins face-off versus Paul Stastny in neutral zone.
0:08 of 3rd period - Backhand shot by Tyler Johnson.
0:08 of 3rd period - Shot Blocked by Zbynek Michalek.
0:36 of 3rd period - Slapshot by Paul Stastny.
0:36 of 3rd period - Stopped by Jonas Hiller without a rebound.
0:37 of 3rd period - Mark Letestu wins face-off versus Matt Cullen in RedWings zone.
1:00 of 3rd period - Snap shot by Ales Hemsky.
1:00 of 3rd period - Shot Misses the Net.
1:20 of 3rd period - Minor Penalty to Martin Erat for Hooking.
1:21 of 3rd period - Paul Stastny wins face-off versus Shane Doan in RedWings zone.
1:58 of 3rd period - Slapshot by Paul Stastny.
1:58 of 3rd period - Deflect By Tyler Johnson.
1:58 of 3rd period - Shot Blocked by Eric Gryba.
1:58 of 3rd period - Puck is out of play.
1:59 of 3rd period - Shane Doan wins face-off versus Zach Boychuk in RedWings zone.
2:24 of 3rd period - Wrist shot by Zach Boychuk.
2:24 of 3rd period - Stopped by Jonas Hiller without a rebound.
2:25 of 3rd period - Paul Stastny wins face-off versus Shane Doan in RedWings zone.
2:40 of 3rd period - Wrist shot by Paul Stastny.
2:40 of 3rd period - Goal by Paul Stastny - Devils : 3 - RedWings : 4.
2:41 of 3rd period - Andrew Miller wins face-off versus Devante Smith-Pelly in neutral zone.
3:12 of 3rd period - Wrist shot by Zach Boychuk.
3:12 of 3rd period - Stopped by Jonas Hiller with a rebound.
3:14 of 3rd period - Slapshot by David Warsofsky.
3:14 of 3rd period - Stopped by Jonas Hiller with a rebound.
3:16 of 3rd period - Wrist shot by Andrew Miller.
3:16 of 3rd period - Stopped by Jonas Hiller with a rebound.
3:18 of 3rd period - Slapshot by Radko Gudas.
3:18 of 3rd period - Shot Misses the Net.
3:24 of 3rd period - Minor Penalty to Tomas Kopecky for Hooking.
3:25 of 3rd period - Paul Stastny wins face-off versus Shane Doan in RedWings zone.
3:30 of 3rd period - Snap shot by Tyler Johnson.
3:30 of 3rd period - Stopped by Jonas Hiller with a rebound.
3:32 of 3rd period - Snap shot by Paul Stastny.
3:32 of 3rd period - Shot Misses the Net.
4:21 of 3rd period - Icing by Ales Hemsky.
4:22 of 3rd period - Paul Stastny wins face-off versus Patrick Sharp in Devils zone.
5:15 of 3rd period - Shawn Horcoff is hit by Sergei Gonchar.
5:24 of 3rd period - Penalty to Tomas Kopecky is over, Tomas Kopecky is back on ice.
5:47 of 3rd period - Slapshot by Aaron Ekblad.
5:47 of 3rd period - Shot Blocked by Matt Irwin.
5:49 of 3rd period - Slapshot by Eric Gryba.
5:49 of 3rd period - Shot Blocked by Ales Hemsky.
5:51 of 3rd period - Snap shot by Chris VandeVelde.
5:51 of 3rd period - Stopped by Devan Dubnyk without a rebound.
5:52 of 3rd period - Devante Smith-Pelly wins face-off versus Andrew Miller in Devils zone.
6:02 of 3rd period - Off-side.
6:03 of 3rd period - Andrew Miller wins face-off versus Shane Doan in neutral zone.
6:06 of 3rd period - Snap shot by Zach Boychuk.
6:06 of 3rd period - Shot Misses the Net.
6:26 of 3rd period - Snap shot by Steve Downie.
6:26 of 3rd period - Shot Misses the Net.
6:36 of 3rd period - Snap shot by Steve Downie.
6:36 of 3rd period - Stopped by Devan Dubnyk without a rebound.
6:37 of 3rd period - Matt Cullen wins face-off versus Devante Smith-Pelly in Devils zone.
6:56 of 3rd period - Slapshot by Chris VandeVelde.
6:56 of 3rd period - Stopped by Devan Dubnyk without a rebound.
6:57 of 3rd period - Matt Cullen wins face-off versus Devante Smith-Pelly in Devils zone.
7:04 of 3rd period - Devante Smith-Pelly is hit by Sergei Gonchar and loses puck.
7:15 of 3rd period - Slapshot by Chris VandeVelde.
7:15 of 3rd period - Shot Misses the Net.
7:17 of 3rd period - Wrist shot by Tomas Kopecky.
7:17 of 3rd period - Shot Blocked by Matt Irwin.
7:49 of 3rd period - Paul Stastny is hit by Shane Doan.
8:03 of 3rd period - Slapshot by Drew Stafford.
8:03 of 3rd period - Shot Misses the Net.
8:05 of 3rd period - Wrist shot by Paul Stastny.
8:05 of 3rd period - Stopped by Jonas Hiller with a rebound.
9:07 of 3rd period - Snap shot by Martin Erat.
9:07 of 3rd period - Stopped by Devan Dubnyk with a rebound.
9:19 of 3rd period - Slapshot by Matt Irwin.
9:19 of 3rd period - Stopped by Jonas Hiller with a rebound.
9:24 of 3rd period - Minor Penalty to Patrick Sharp for Roughing.
9:25 of 3rd period - Shane Doan wins face-off versus Paul Stastny in RedWings zone.
10:49 of 3rd period - Minor Penalty to Chris Wideman for Hooking.
10:50 of 3rd period - Paul Stastny wins face-off versus Devante Smith-Pelly in Devils zone.
11:01 of 3rd period - Slapshot by Aaron Ekblad.
11:01 of 3rd period - Shot Blocked by Matt Irwin.
11:03 of 3rd period - Slapshot by Paul Postma.
11:03 of 3rd period - Shot Blocked by Matt Irwin.
11:13 of 3rd period - Wrist shot by Devante Smith-Pelly.
11:13 of 3rd period - Shot Blocked by Matt Greene.
11:24 of 3rd period - Penalty to Patrick Sharp is over, Patrick Sharp is back on ice.
11:31 of 3rd period - Tyler Johnson is hit by Patrick Sharp and loses puck.
11:46 of 3rd period - Matt Cullen is hit by Eric Gryba and loses puck.
12:01 of 3rd period - Wrist shot by Patrick Sharp.
12:01 of 3rd period - Stopped by Devan Dubnyk without a rebound.
12:02 of 3rd period - Mark Letestu wins face-off versus Matt Cullen in Devils zone.
12:49 of 3rd period - Penalty to Chris Wideman is over, Chris Wideman is back on ice.
13:25 of 3rd period - Icing by Radko Gudas.
13:26 of 3rd period - Andrew Miller wins face-off versus Steve Downie in Devils zone.
13:26 of 3rd period - Andrew Miller is hit by Shane Doan.
13:52 of 3rd period - Slapshot by Sergei Gonchar.
13:52 of 3rd period - Stopped by Jonas Hiller with a rebound.
14:11 of 3rd period - Minor Penalty to Steve Downie for Interference.
14:12 of 3rd period - Paul Stastny wins face-off versus Chris VandeVelde in RedWings zone.
14:14 of 3rd period - Wrist shot by Drew Stafford.
14:14 of 3rd period - Stopped by Jonas Hiller with a rebound.
14:16 of 3rd period - Slapshot by Matt Irwin.
14:16 of 3rd period - Stopped by Jonas Hiller with a rebound.
14:34 of 3rd period - Snap shot by Paul Stastny.
14:34 of 3rd period - Deflect By Drew Stafford.
14:34 of 3rd period - Stopped by Jonas Hiller with a rebound.
14:36 of 3rd period - Snap shot by Paul Stastny.
14:36 of 3rd period - Shot Blocked by Eric Gryba.
14:38 of 3rd period - Slapshot by Ales Hemsky.
14:38 of 3rd period - Stopped by Jonas Hiller with a rebound.
14:47 of 3rd period - Snap shot by Drew Stafford.
14:47 of 3rd period - Shot Blocked by Chris VandeVelde.
14:49 of 3rd period - Slapshot by Matt Irwin.
14:49 of 3rd period - Stopped by Jonas Hiller with a rebound.
15:05 of 3rd period - Patrick Sharp is hit by Zach Boychuk and loses puck.
15:36 of 3rd period - Chris Wideman is hit by Shane Doan and loses puck.
16:01 of 3rd period - Aaron Ekblad is hit by Scottie Upshall and loses puck.
16:11 of 3rd period - Penalty to Steve Downie is over, Steve Downie is back on ice.
16:34 of 3rd period - Drew Stafford is hit by Eric Gryba and loses puck.
16:53 of 3rd period - Radko Gudas is hit by Martin Erat.
17:45 of 3rd period - Wrist shot by Zach Boychuk.
17:45 of 3rd period - Stopped by Jonas Hiller without a rebound.
17:46 of 3rd period - Andrew Miller wins face-off versus Devante Smith-Pelly in RedWings zone.
18:09 of 3rd period - Wrist shot by Shawn Horcoff.
18:09 of 3rd period - Deflect By Shane Doan.
18:09 of 3rd period - Stopped by Devan Dubnyk without a rebound.
18:10 of 3rd period - Matt Cullen wins face-off versus Shawn Horcoff in Devils zone.
18:56 of 3rd period - Off-side.
18:57 of 3rd period - Jack Capuano call a timeout for Devils.
18:57 of 3rd period - Brendan Shinnimin wins face-off versus Shane Doan in neutral zone.
19:19 of 3rd period - Snap shot by Shane Doan.
19:19 of 3rd period - Shot Misses the Net.
19:21 of 3rd period - Slapshot by Paul Postma.
19:21 of 3rd period - Shot Blocked by Sergei Gonchar.
19:29 of 3rd period - Devils, Devan Dubnyk is pulled from the net.
19:52 of 3rd period - Minor Penalty to Paul Stastny for Holding.
19:53 of 3rd period - Devan Dubnyk from Devils was sent back in the game.
19:53 of 3rd period - Matt Cullen wins face-off versus Mark Letestu in Devils zone.
Goals for this period are 1 for Devils vs 0 for RedWings.
Shots for this period are 16 for Devils vs 6 for RedWings.